 Dungeon Crawl Stone Soup version 0.13-a0-2305-ge00d11d (webtiles) character file.

2635 Kae the Conjurer (level 9, -9/45 (48) HPs)
             Began as a Tengu Fire Elementalist on July 9, 2013.
             Was an Elder of Vehumet.
             Mangled by a cyclops zombie (29 damage)
             ... on Level 8 of the Dungeon.
             The game lasted 00:26:53 (10253 turns).

Kae the Conjurer (Tengu Fire Elementalist)         Turns: 10253, Time: 00:26:54

HP  -9/45 (48)   AC  4     Str  4 (7)  XL: 9   Next: 44%
MP  19/19        EV 14     Int 20      God: Vehumet [****..]
Gold 278         SH  0     Dex 14      Spells:  7 memorised,  1 level left

Res.Fire  : . . .   See Invis. : .   k - +0 dagger (curse)
Res.Cold  : . . .   Warding    : .   a - +1 robe
Life Prot.: . . .   Conserve   : .   (no shield)
Res.Poison: .       Res.Corr.  : .   (helmet restricted)
Res.Elec. : .       Clarity    : .   (no cloak)
Sust.Abil.: . .     Spirit.Shd : .   i - +0 pair of gauntlets
Res.Mut.  : .       Stasis     : .   (boots unavailable)
Res.Rott. : .       Flight     : .   (no amulet)
Saprovore : . . .                    (no ring)
                                     (no ring)

@: slightly resistant to hostile enchantments, fairly stealthy
A: able to fly, beak, talons 3, deformed body, -10% mp, mutation resistance 2,
AC +1, Str -1
a: Fly, Renounce Religion


You were on level 8 of the Dungeon.
You worshipped Vehumet.
Vehumet was extremely pleased with you.
You were not hungry.

You visited 1 branch of the dungeon, and saw 8 of its levels.
You also visited: Ossuary.

You collected 258 gold pieces.

Inventory:

Hand weapons
 k - a cursed +0,+0 dagger (weapon)
 x - a -1,+1 orcish trident
Armour
 a - a +1 robe (worn)
 i - a +0 pair of gauntlets (worn)
Magical devices
 n - a wand of frost (9)
 u - a wand of random effects (6)
 D - a wand of teleportation (9)
Comestibles
 c - 2 bread rations
 p - 5 meat rations
 q - 2 pears
 s - a choko
Scrolls
 d - a scroll of remove curse
 f - 10 scrolls of fear
 g - 2 scrolls of immolation {unknown}
 j - a scroll of blinking
 m - 2 scrolls of identify
 o - a scroll of fog
 r - a scroll of enchant weapon I {unknown}
 t - 3 scrolls of teleportation
 w - a scroll of amnesia
 y - a scroll of magic mapping {unknown}
Potions
 e - a potion of heal wounds
 h - a potion of speed
 l - 10 potions of curing
Books
 b - a book of Flames

   Spells                             Type                      Level
   *Flame Tongue                      Conjuration/Fire             1
   *Throw Flame                       Conjuration/Fire             2
   *Conjure Flame                     Conjuration/Fire             3
   Inner Flame                        Hexes/Fire                   3
   *Sticky Flame                      Conjuration/Fire             4
   Fireball                           Conjuration/Fire             5
 z - a book of Burglary

   Spells                             Type                      Level
   *Apportation                       Translocation                1
   *Swiftness                         Charms/Air                   2
   Passwall                           Transmutation/Earth          3
   Passage of Golubria                Translocation                4
   Lee's Rapid Deconstruction         Earth                        5
   Darkness                           Hexes                        7
Magical staves
 v - an uncursed staff of poison


   Skills:
 + Level 2.1 Fighting
 + Level 3.8 Dodging
 - Level 2.0 Stealth
 + Level 4.9 Spellcasting
 - Level 9.4 Conjurations
 + Level 1.8 Charms
 - Level 8.5 Fire Magic


You had one spell level left.
You knew the following spells:

 Your Spells              Type           Power        Failure   Level  Hunger
a - Flame Tongue          Conj/Fire      #####        1%          1    None
b - Throw Flame           Conj/Fire      #####.       1%          2    None
c - Conjure Flame         Conj/Fire      #####...     1%          3    ###....
d - Static Discharge      Conj/Air       ###.....     2%          3    ###....
e - Sticky Flame          Conj/Fire      #####...     1%          4    ####...
f - Swiftness             Chrm/Air       #.........   14%         2    None
g - Apportation           Tloc           #.........   14%         1    None


Dungeon Overview and Level Annotations

Branches:
Dungeon (8/27)             Temple (0/1) D:5            Lair (0/8) D:8
    Orc: D:6-11

Altars:
Kikubaaqudgha
Makhleb
Vehumet

Shops:
D:4: + D:6: (

Annotations
D:6 exclusion: crimson imp
D:7 exclusion: crimson imp


Innate Abilities, Weirdness & Mutations

You can fly.
You have a beak for a mouth.
You have claws for feet.
You are partially covered in rugged brown scales (AC +1, +3% HP).
Armour fits poorly on your strangely shaped body.
Your magical capacity is low (-10% MP).
You are somewhat resistant to both further mutation and mutation removal.
You are weak (Str -1).


Message History

You hit the cyclops zombie. You peck the cyclops zombie.
The cyclops zombie barely misses you.
You hit the cyclops zombie but do no damage.
You peck the cyclops zombie.
You hit the cyclops zombie but do no damage.
You peck the cyclops zombie, but do no damage.
The cyclops zombie hits you!
You hit the cyclops zombie but do no damage.
You completely miss the cyclops zombie. You claw the cyclops zombie.
The cyclops zombie barely misses you.
You hit the cyclops zombie.
You hit the cyclops zombie but do no damage.
The cyclops zombie hits you!
You hit the cyclops zombie. You claw the cyclops zombie.
You hit the cyclops zombie but do no damage.
You claw the cyclops zombie, but do no damage.
You peck the cyclops zombie, but do no damage.
The cyclops zombie hits you!
Ouch! That really hurt!
You die...

######### #.........
#.......... #.........
#..f.... #######...Z#
........%%@.+
#######...f# #......##
#......# . ..
#......##..# .....
#......##..# ......
##.....<##..# .......
+....(f.##..#
.........##......##..#


You could see 2 active ballistomycetes and a cyclops zombie.

Vanquished Creatures
  An orc warrior (D:7)
  5 ogres
  A giant frog (D:7)
  A killer bee (D:6)
  A giant goldfish zombie (D:2)
  3 wights (D:6)
  4 crimson imps
  A giant frog zombie (D:6)
  2 gnoll shamans (D:6)
  An iguana (D:8)
  2 giant frog skeletons
  2 hounds
  An orc priest (D:6)
  A water moccasin zombie (Ossuary)
  4 scorpions
  3 orc wizards
  6 worker ants
  3 big kobold zombies (Ossuary)
  Ijyb (D:2)
  2 jellies
  2 mummies (Ossuary)
  8 adders
  39 gnolls
  2 inept item mimics
  3 worms
  An inept feature mimic (D:7)
  4 adder zombies
  3 giant geckos
  An ooze (D:4)
  20 orcs
  A bat skeleton (D:4)
  A bat zombie (D:2)
  3 giant cockroaches
  7 gnoll zombies (Ossuary)
  13 goblins
  15 hobgoblins
  17 jackals
  3 quokkas
  2 ball pythons (D:1)
  11 bats
  7 giant newts
  3 giant spores
  A hobgoblin skeleton (D:6)
  7 hobgoblin zombies
  A jackal skeleton (D:5)
  A jackal zombie (D:8)
  16 kobolds
  A kobold skeleton (D:8)
  6 kobold zombies (Ossuary)
  An orc skeleton (D:8)
  6 orc zombies (Ossuary)
  15 rats
  3 rat zombies (D:2)
  3 ballistomycetes
272 creatures vanquished.

Vanquished Creatures (others)
  A jackal (D:8)
  A giant newt (D:3)
2 creatures vanquished.

Grand Total: 274 creatures vanquished

Notes
Turn   | Place    | Note
--------------------------------------------------------------
     0 | D:1      | Kae, the Tengu Fire Elementalist, began the quest for the Orb.
     0 | D:1      | Reached XP level 1. HP: 10/10 MP: 3/3
   149 | D:1      | Reached XP level 2. HP: 9/15 MP: 5/5
   257 | D:1      | Learned a level 2 spell: Throw Flame
   566 | D:1      | Reached XP level 3. HP: 19/19 MP: 4/6
   619 | D:1      | Reached skill level 4 in Fire Magic
  1294 | D:2      | Noticed Ijyb
  1318 | D:2      | Killed Ijyb
  1318 | D:2      | Reached XP level 4. HP: 6/24 MP: 1/8
  1762 | D:2      | Reached XP level 5. HP: 28/28 MP: 6/11
  1805 | D:2      | Found an ancient bone altar of Kikubaaqudgha.
  2295 | D:3      | Reached skill level 5 in Fire Magic
  2740 | D:3      | Found a burning altar of Makhleb.
  2871 | D:3      | Learned a level 3 spell: Conjure Flame
  2982 | D:3      | Reached XP level 6. HP: 32/32 MP: 13/13
  3469 | D:4      | Found a radiant altar of Vehumet.
  3481 | D:4      | Became a worshipper of Vehumet
  3497 | D:4      | Reached skill level 5 in Conjurations
  3506 | D:4      | Got an encrusted cloak
  3509 | D:4      | Identified the +0 cloak "Direisk" {Str-3 Dex+3} (You found it on level 4 of the Dungeon)
  3633 | D:4      | Found a sand-covered staircase.
  3637 | Ossuary  | Entered an ossuary
  3738 | Ossuary  | Reached skill level 6 in Fire Magic
  3969 | Ossuary  | Acquired Vehumet's first power
  3969 | Ossuary  | Offered knowledge of Sting by Vehumet.
  4168 | Ossuary  | Reached XP level 7. HP: 32/36 MP: 12/15
  4386 | D:4      | Found Shrosch's Book Shop.
  4467 | D:4      | Offered knowledge of Sandblast by Vehumet.
  4676 | D:4      | Found a burning altar of Makhleb.
  4962 | D:4      | Gained mutation: Armour fits poorly on your strangely shaped body. [potion of mutation]
  4962 | D:4      | Gained mutation: You are weak (Str -1). [potion of mutation]
  4962 | D:4      | Gained mutation: You are somewhat resistant to further mutation. [potion of mutation]
  4963 | D:4      | Gained mutation: Your magical capacity is low (-10% MP). [potion of mutation]
  5189 | D:5      | Entered Level 5 of the Dungeon
  5455 | D:5      | Found a staircase to the Ecumenical Temple.
  5534 | D:5      | Reached skill level 7 in Conjurations
  5892 | D:5      | Reached XP level 8. HP: 41/41 MP: 14/16
  6217 | D:6      | Offered knowledge of Static Discharge by Vehumet.
  6225 | D:6      | Learned a level 3 spell: Static Discharge
  6366 | D:6      | Acquired Vehumet's second power
  6904 | D:6      | Reached skill level 8 in Conjurations
  6988 | D:6      | Found Riqasoh's Weapon Boutique.
  7034 | D:6      | Offered knowledge of Dazzling Spray by Vehumet.
  7839 | D:7      | Learned a level 4 spell: Sticky Flame
  8143 | D:7      | Reached skill level 9 in Conjurations
  8399 | D:6      | HP: 2/41 [gnoll/spear (10)]
  8414 | D:6      | Acquired Vehumet's third power
  8884 | D:6      | Reached XP level 9. HP: 45/45 MP: 17/18
  8891 | D:6      | Offered knowledge of Iskenderun's Mystic Blast by Vehumet.
  8921 | D:6      | Learned a level 2 spell: Swiftness
  8923 | D:6      | Learned a level 1 spell: Apportation
  9336 | D:6      | Reached skill level 1 in Charms
  9603 | D:6      | Reached skill level 1 in Fighting
 10089 | D:8      | Gained mutation: You are partially covered in rugged brown scales (AC +1, +3% HP). [potion of mutation]
 10089 | D:8      | Gained mutation: You are somewhat resistant to both further mutation and mutation removal. [potion of mutation]
 10101 | D:8      | Found a staircase to the Lair.
 10253 | D:8      | Mangled by a cyclops zombie

Action                   |  1- 3 |  4- 6 |  7- 9 || total
-------------------------+-------+-------+-------++-------
Melee: Unarmed           |    29 |       |       ||    29
       Dagger            |    19 |     3 |   136 ||   158
       Whip              |       |    54 |       ||    54
       Trident           |       |    27 |    68 ||    95
       Staff             |       |       |    21 ||    21
 Cast: Flame Tongue      |    51 |   138 |   350 ||   539
       Conjure Flame     |       |     2 |    12 ||    14
       Throw Flame       |       |       |    12 ||    12
Evoke: Wand              |       |       |    18 ||    18
  Use: Potion            |       |     2 |    13 ||    15
       Scroll            |       |       |    17 ||    17
 Stab: Sleeping          |     1 |       |     1 ||     2
       Paralysed         |       |       |     3 ||     3
